 Dungeon Crawl Stone Soup version 0.21.1-1-g345015f (webtiles) character file.

37 sking99 the Sneak (level 3, 0/14 HPs)
             Began as a Felid Venom Mage on June 24, 2018.
             Slain by an adder skeleton (2 damage)
             ... on level 2 of the Dungeon.
             The game lasted 00:05:51 (1579 turns).

sking99 the Sneak (Felid Venom Mage)                Turns: 1579, Time: 00:05:51

Health: 0/14       AC:  1    Str:  4    XL:     3   Next: 23%
Magic:  7/7        EV: 18    Int: 17    God:
Gold:   49         SH:  0    Dex: 16    Spells: 3/6 levels left
                                        Lives:  0   Deaths: 0

rFire    . . .     SeeInvis +   (weapon unavailable)
rCold    . . .     Gourm    .   (shield unavailable)
rNeg     . . .     Faith    .   (armour unavailable)
rPois    .         Spirit   .   (helmet unavailable)
rElec    .         Reflect  .   (cloak unavailable)
rCorr    .         Harm     .   (gloves unavailable)
MR       .....                  (boots unavailable)
Stlth    +++.......             (no amulet)
HPRegen  0.04/turn              (no ring)
MPRegen  0.10/turn              (no ring)

@: quick
A: very small, no armour, no weapons or thrown items, stealth, claws 1, fangs 3,
see invisible, carnivore, speed 1, shaggy fur 1, slow metabolism 1, sharp paws
a: no special abilities


You were on level 2 of the Dungeon.
You were completely stuffed.

You visited 1 branch of the dungeon, and saw 2 of its levels.

You collected 49 gold pieces.

Inventory:

Scrolls
 d - 2 scrolls of blinking {unknown}
 e - a scroll of enchant weapon {unknown}
 j - a scroll of remove curse {unknown}
Potions
 c - a potion of heal wounds {unknown}
 f - 2 potions of curing {unknown}
 g - a potion of agility {unknown}
 i - a potion of might {unknown}
Books
 a - a Young Poisoner's Handbook

   Spells                             Type                      Level
   a - Sting                          Conjuration/Poison           1
   b - Poisonous Vapours              Poison/Air                   2
   c - Mephitic Cloud                 Conjuration/Poison/Air       3
   d - Olgreb's Toxic Radiance        Poison                       4
   e - Venom Bolt                     Conjuration/Poison           5
Comestibles
 b - a ration


   Skills:
 - Level 2.8 Dodging
 + Level 3.2 Stealth
 + Level 2.2 Spellcasting
 * Level 1.4 Conjurations
 + Level 0.5 Air Magic
 + Level 3.2 Poison Magic


You had 3 spell levels left.
You knew the following spells:

 Your Spells              Type           Power        Failure   Level  Hunger
a - Sting                 Conj/Pois      #...         8%          1    #......
b - Poisonous Vapours     Pois/Air       #.....       13%         2    ###....


Dungeon Overview and Level Annotations

Branches:
Dungeon (2/15)

Altars:


Innate Abilities, Weirdness & Mutations

You cannot wear armour.
You are incapable of wielding weapons or throwing items.
Your paws allow you to move quietly. (Stealth)
You have sharp claws.
You have razor-sharp teeth.
You have supernaturally acute eyesight. (SInv)
You are carnivorous and can eat meat at any time.
You cover ground quickly.
You are covered in fur. (AC +1)
You have a slow metabolism.
Your sharp claws are effective at attacking unaware monsters.


Message History

The adder skeleton is heavily damaged.
The adder skeleton bites you.
You barely miss the adder skeleton.
The adder skeleton is heavily damaged.
The adder skeleton closely misses you.
You closely miss the adder skeleton.
The adder skeleton is heavily damaged.
The adder skeleton barely misses you.
You scratch the adder skeleton.
The adder skeleton is severely damaged.
The adder skeleton closely misses you.
You barely miss the adder skeleton.
You bite the adder skeleton, but do no damage.
The adder skeleton is severely damaged.
The adder skeleton bites you.
* * * LOW HITPOINT WARNING * * *
You scratch the adder skeleton.
The adder skeleton is almost destroyed.
The adder skeleton bites you.
You die...

### #.. #.#
##############.#
.†..........##.#
.##########.##.#######
## #.............
.l#######.#.##.######
#.........#.....@Z.#
############.###.# #.#
#..# ... ...#
#P.≈≈≈..# #≈≈≈≈Z≈##
#.≈≈≈≈.. #.≈≈≈...
.ZP.....


You could see an adder skeleton.

Vanquished Creatures
  2 dart slugs (D:1)
  2 leopard geckos (D:1)
  A bat (D:1)
  A bat skeleton (D:2)
  A giant cockroach (D:1)
  3 hobgoblins (D:1)
  4 jackals (D:1)
  2 kobolds (D:1)
  A quokka (D:2)
  A ball python (D:1)
  4 frilled lizards
  4 goblins (D:1)
  3 rats (D:1)
29 creatures vanquished.

Notes
Turn   | Place    | Note
-------+----------+-------------------------------------------
     0 | D:1      | sking99 the Felid Venom Mage began the quest for the Orb.
     0 | D:1      | Reached XP level 1. HP: 7/7 MP: 4/4
    76 | D:1      | Reached skill level 1 in Conjurations
   232 | D:1      | Reached XP level 2. HP: 11/11 MP: 3/6
   262 | D:1      | Learned a level 2 spell: Poisonous Vapours
   903 | D:1      | Reached XP level 3. HP: 14/14 MP: 2/7
  1579 | D:2      | Slain by an adder skeleton

Skill      XL: |  1  2 |
---------------+-------+-----
Conjurations   | 1 |  1.4
Stealth        | 3 |  3.2
Poison Magic   | 3 |  3.2
Dodging        | |  2.8
Spellcasting   | |  2.2
Air Magic      | |  0.5

Action                   || total
-------------------------++-------
Melee: Unarmed           ||    34
       Bite              ||     3
 Cast: Sting             ||    18
       Poisonous Vapours ||    20
  Eat: Chunk             ||    10
Armor: Skin              ||     1
Dodge: Dodged            ||    44
